 Dungeon Crawl Stone Soup version 0.30-a0-1075-gcd70e7a56d (webtiles) character file.

Game seed: 9554529816549175940

186 Adrian566 the Trooper (level 5, -3/42 HPs)
             Began as a Demonspawn Fighter on Apr 15, 2023.
             Slain by Pikel
             ... wielding a +2 whip of flaming
              (6 damage)
             ... on level 4 of the Dungeon.
             The game lasted 00:01:04 (1105 turns).

Adrian566 the Trooper (Demonspawn Fighter)          Turns: 1105, Time: 00:01:05

Health: -3/42      AC:  6    Str: 16    XL:     5   Next: 38%
Magic:  5/5        EV:  9    Int: 10    God:
Gold:   26         SH:  5    Dex: 14    Spells: 4/4 levels left

rFire   . . .      SeeInvis .    a - +0 long sword
rCold   . . .      Faith    .    c - +0 buckler
rNeg    . . .      Spirit   .    b - +0 scale mail
rPois   .          Reflect  .    (no helmet)
rElec   .          Rampage  .    (no cloak)
rCorr   .                        (no gloves)
Will    .....                    (no boots) Stlth
                                 (no amulet)
HPRegen 0.27/turn                (no ring)
MPRegen 0.09/turn                (no ring)

@: mighty
A: icemail 1, condensation shield, weakness stinger 1
a: no special abilities


You were on level 4 of the Dungeon.
You visited 1 branch of the dungeon, and saw 3 of its levels.

You collected 26 gold pieces.

Inventory:

Hand Weapons
 a - a +0 long sword (weapon)
Armour
 b - a +0 scale mail (worn)
 c - a +0 buckler (worn)


   Skills:
 + Level 3.7 Fighting
 + Level 3.4 Long Blades
 + Level 3.3 Armour
 + Level 0.9 Dodging
 + Level 3.3 Shields


You had 4 spell levels left.
You didn't know any spells.
Your spell library contained the following spells:

 Spells                   Type           Power      Damage    Failure   Level
 Poisonous Vapours        Pois/Air       0%         N/A       95%         2
 Mephitic Cloud           Conj/Pois/Air  0%         N/A       99%         3
 Cause Fear               Hex            0%         N/A       100%        4
 Freezing Cloud           Conj/Ice/Air   0%         6-21      100%        5
 Dragon Form              Tmut           0%         N/A       100%        7
 Dragon's Call            Summ           0%         N/A       100%        9


Dungeon Overview and Level Annotations

Branches:
Dungeon (2/15)

Altars:
Cheibriados

Annotations:
D:4 Duvessa, Pikel


Innate Abilities, Weirdness & Mutations

A meltable icy envelope protects you from harm. (AC +0)
A meltable shield of frost defends you. (SH +0)
You have a small tail.


Message History

You barely miss the ogre.
The ogre is almost dead.
The lemure shouts!
The ogre barely misses you.
You barely miss the ogre.
The ogre is almost dead.
You block the ogre's attack.
You slash the ogre!
You kill the ogre!
Your Long Blades skill increases to level 3!
You have reached level 5!
Your demonic ancestry asserts itself...
You grow a small tail.
You closely miss Pikel. You block Pikel's attack.
You hit Pikel. You tail-slap Pikel!
Pikel is moderately wounded.
Pikel hits you with a +2 whip of flaming.
* * * LOW HITPOINT WARNING * * *
Your icy defences dissipate!
Pikel burns you.
* * * LOW HITPOINT WARNING * * *
You closely miss Pikel.
Pikel is moderately wounded.
You block Pikel's attack. x2
You barely miss Pikel. You tail-slap Pikel.
Pikel is heavily wounded.
A worm comes into view.
Pikel hits you with a +2 whip of flaming.
* * * LOW HITPOINT WARNING * * *
Pikel burns you.
* * * LOW HITPOINT WARNING * * *
You aren't carrying any scrolls.
You aren't carrying any potions.
You closely miss Pikel.
Pikel is heavily wounded.
Pikel barely misses you.
You closely miss Pikel.
Pikel is heavily wounded.
Pikel hits you with a +2 whip of flaming.
You die...

.....##.# ...
........
###..#######......
#....#.....#......
#....#.._..#......
...##.....#...l..
..##⌠#.#⌠##..#..
###B.###.####..##.
#@K5#....5..g.####
####.l..#.#(..##
##.......w.#..##
#............##
###............
##.....#####.
##..... #.###.#
##. ..


You could see Pikel, a lemure, a worm, an iguana and a giant cockroach.

Vanquished Creatures
  An ogre (D:4)
  A phantom (D:4)
  2 ball pythons
  A bat (D:1)
  6 endoplasms
  7 giant cockroaches (D:1)
  A goblin (D:1)
  2 hobgoblins
  7 kobolds
  5 rats
33 creatures vanquished.

Notes
Turn   | Place    | Note
-------+----------+-------------------------------------------
     0 | D:1      | Adrian566 the Demonspawn Fighter began the quest for the
                  | Orb.
     0 | D:1      | Reached XP level 1. HP: 18/18 MP: 1/1
   265 | D:1      | Gained mutation: A meltable shield of frost defends you.
                  | (SH +0) [demonic ancestry]
   265 | D:1      | Reached XP level 2. HP: 23/24 MP: 2/2
   610 | D:1      | Reached XP level 3. HP: 27/29 MP: 3/3
   640 | D:1      | Noticed an ogre
  1051 | D:2      | You fall into a shaft and drop 2 floors!
  1051 | D:4      | Found a snail-covered altar of Cheibriados.
  1065 | D:4      | Noticed a phantom
  1067 | D:4      | Noticed a lemure
  1068 | D:4      | Noticed a lemure
  1068 | D:4      | Noticed a lemure
  1069 | D:4      | Noticed Duvessa
  1070 | D:4      | Noticed Pikel
  1087 | D:4      | Killed a phantom
  1088 | D:4      | Gained mutation: A meltable icy envelope protects you from
                  | harm. (AC +0) [demonic ancestry]
  1088 | D:4      | Reached XP level 4. HP: 18/35 MP: 4/4
  1088 | D:4      | Noticed an ogre
  1096 | D:4      | Noticed a lemure
  1099 | D:4      | Killed an ogre
  1100 | D:4      | Gained mutation: You have a small tail. [demonic ancestry]
  1100 | D:4      | Reached XP level 5. HP: 9/42 MP: 5/5
  1105 | D:4      | Slain by Pikel

Illustrated notes

Levels and vault maps discovered:
D:1:      evilmike_arrival_come_back, layout_basic, serial_bayou_pond_e,
          minivault_23, minmay_worlds_worst_comb
D:2:      layout_basic, serial_curves, eino_curves_02, eino_curves_03,
          lexackson_kobold_supper
D:4:      layout_cave_pools, amcnicky_altar_gilded,
          mainiacjoe_overflow_alcove_2, uniq_duvessa, uniq_pikel

Skill      XL: |  1  2  3  4 |
---------------+-------------+-----
Armour         | 3 |  3.3
Long Blades    | 2 3 |  3.4
Shields        | 3 |  3.3
Fighting       | |  3.7
Dodging        | |  0.9

Action                     |  1- 3 |  4- 6 || total
---------------------------+-------+-------++-------
  Melee: Long sword        |    95 |    14 ||   109
         Tailslap          |       |     2 ||     2
    Use: Scroll            |     3 |       ||     3
         Potion            |     1 |       ||     1
 Armour: Scale mail        |    28 |     1 ||    29
  Dodge: Dodged            |    27 |     4 ||    31
  Block: Buckler           |    39 |     8 ||    47

Table legend: (Time is in decaauts)
 A = Elapsed time spent in this place.
 B = Non-inter-level travel time spent in this place.
 C = Inter-level travel time spent in this place.
 D = Time resting spent in this place.
 E = Time spent auto-exploring this place.
 F = Levels seen in this place.
 G = Mean time per level.
                   A        B        C        D        E       F      G
               +--------+--------+--------+--------+--------+-----+--------+
         Total |   1143 |   1131 |     12 |     35 |    842 |   3 |  381.0 |
       Dungeon |   1143 |   1131 |     12 |     35 |    842 |   3 |  381.0 |
               +--------+--------+--------+--------+--------+-----+--------+

Top non-repeatable levels by time:
     D:1: 868 daAuts
     D:2: 216 daAuts
     D:4: 59 daAuts
